 Dungeon Crawl Stone Soup version 0.25.1-3-ge44b62a0b3 (webtiles) character file.

Game seed: 2012424804237138750

104 Glamhuggeren the Cudgeler (level 4, -5/29 HPs)
             Began as a Gargoyle Monk on Nov 23, 2020.
             Slain by a gnoll
             ... wielding a +0 whip
              (6 damage)
             ... on level 3 of the Dungeon.
             The game lasted 00:06:16 (2457 turns).

Glamhuggeren the Cudgeler (Gargoyle Monk)           Turns: 2457, Time: 00:06:16

Health: -5/29      AC:  6    Str: 15    XL:     4   Next: 80%
Magic:  4/4        EV: 13    Int: 11    God:
Gold:   165        SH:  0    Dex: 12    Spells: 3/3 levels left

rFire    . . .     SeeInvis .   a - +0 mace
rCold    . . .     Gourm    .   (no shield)
rNeg     + . .     Faith    +   b - +0 robe
rPois    ∞         Spirit   .   (no helmet)
rElec    +         Reflect  .   (no cloak)
rCorr    .         Harm     .   k - +0 pair of gloves
MR       .....                  (no boots)
Stlth    ++........             i - amulet of faith
HPRegen  0.09/turn              (no ring)
MPRegen  0.09/turn              (no ring)

@: no status effects
A: negative energy resistance 1, electricity resistance, unbreathing,
petrification resistance, rot immunity, AC +3
a: no special abilities


You were on level 3 of the Dungeon.
You were not hungry.

You visited 1 branch of the dungeon, and saw 3 of its levels.

You collected 165 gold pieces.

Inventory:

Hand Weapons
 a - a +0 mace (weapon)
Missiles
 f - 44 arrows
 l - 76 stones (quivered)
 u - 12 bolts
 x - 6 poisoned darts
Armour
 b - a +0 robe (worn)
 k - a +0 pair of gloves (worn)
 r - a +0 scale mail
Jewellery
 i - an amulet of faith (around neck)
 q - an uncursed amulet of guardian spirit
Scrolls
 d - 5 scrolls of teleportation {unknown}
 g - 2 scrolls of fear {unknown}
 h - 2 scrolls of identify {unknown}
 p - a scroll of random uselessness {unknown}
 v - a scroll of amnesia {unknown}
Potions
 e - a potion of resistance {unknown}
 j - a potion of mutation {unknown}
 m - a potion of invisibility {unknown}
 n - a potion of berserk rage {unknown}
 s - 3 potions of curing {unknown}
 w - a potion of heal wounds {unknown}
Comestibles
 c - 5 rations
 o - 7 chunks of flesh


   Skills:
 + Level 4.0 Fighting
 * Level 4.2 Maces & Flails
 + Level 2.9 Dodging
 - Level 3.0 Stealth


You had 3 spell levels left.
You didn't know any spells.
Your spell library was empty.

Dungeon Overview and Level Annotations

Branches:
Dungeon (3/15)

Altars:
Ru
Sif Muna
Xom


Innate Abilities, Weirdness & Mutations

You are resistant to torment.
Your stone body is resilient. (AC +3)
You are immune to poison.
You resist negative energy. (rN+)
You are resistant to electric shocks. (rElec)
You can survive without breathing.
You are immune to petrification.
You are immune to rotting.


Message History

* * * LOW HITPOINT WARNING * * *
The gnoll hits you with a +0 spear.
* * * LOW HITPOINT WARNING * * *
You barely miss the gnoll. The gnoll misses you.
You hit the gnoll but do no damage. The gnoll barely misses you.
You barely miss the gnoll. The gnoll barely misses you.
You sock the gnoll!
The gnoll is severely wounded.
The gnoll closely misses you.
You hit the gnoll.
You kill the gnoll!
Your Fighting skill increases to level 4!
You thump the gnoll!
The gnoll is severely wounded.
The gnoll hits you with a +0 whip.
* * * LOW HITPOINT WARNING * * *
You hit the gnoll.
The gnoll is severely wounded.
The gnoll hits you with a +0 whip.
You die...

##.).###.#.#
#....# ##..#
##...###.#.#
##.###.##.#
#..#.###.#
#.#.## #.#
#.### #..
#.# #.. #@#
#.# #g# #.#
#.# #.# #.#
#.# #.# #.##
#..####


You could see a gnoll.

Vanquished Creatures
  2 gnolls (D:3)
  2 adders (D:2)
  A worm (D:2)
  3 dart slugs
  2 leopard geckos
  4 ball pythons
  4 hobgoblins
  7 jackals
  9 kobolds
  5 bats
  4 frilled lizards
  6 goblins
  4 rats
53 creatures vanquished.

Notes
Turn   | Place    | Note
-------+----------+-------------------------------------------
     0 | D:1      | Glamhuggeren the Gargoyle Monk began the quest for the Orb.
     0 | D:1      | Reached XP level 1. HP: 14/14 MP: 1/1
   350 | D:1      | Reached XP level 2. HP: 19/19 MP: 2/2
  1061 | D:2      | Reached XP level 3. HP: 13/23 MP: 3/3
  1781 | D:2      | Reached XP level 4. HP: 25/29 MP: 4/4
  2115 | D:2      | Found a shimmering blue altar of Sif Muna.
  2117 | D:2      | Found a shimmering altar of Xom.
  2401 | D:3      | Found a sacrificial altar of Ru.
  2456 | D:3      | HP: 1/29 [gnoll/+0 whip (6)]
  2457 | D:3      | Slain by a gnoll

Illustrated notes

Levels and vault maps discovered:
D:1:      dpeg_arrival_brainrot, layout_basic, nrook_mini_backslash
D:2:      layout_loops_ring, nicolae_overflow_hidden_temple, minmay_box_of_dots
D:3:      layout_loops_ring, nicolae_ru_great_annihilating_truth,
          nicolae_overflow_crystal_walls

Skill      XL: |  1  2  3  4 |
---------------+-------------+-----
Stealth        | 3 |  3.0
Maces & Flails | 4 |  4.2
Fighting       | 4 |  4.0
Dodging        | |  2.9

Action                   |  1- 3 |  4- 6 || total
-------------------------+-------+-------++-------
Melee: Mace              |   139 |    57 ||   196
Throw: Stone             |       |     1 ||     1
       Throwing net      |       |     1 ||     1
 Stab: Sleeping          |     3 |     2 ||     5
       Paralysed         |       |     2 ||     2
       Held in net/web   |       |     1 ||     1
  Eat: Chunk             |     3 |     2 ||     5
Armor: Robe              |    60 |    21 ||    81
Dodge: Dodged            |   107 |    49 ||   156
